[Event "Titled Tuesday Blitz January 17 Early 2023"]
[White "Martin Duque, Jesus"]
[Black "Hambleton, Aman"]
[WhiteFideId "2208954"]
[BlackFideId "2606577"]
[WhiteElo "2386"]
[BlackElo "2420"]
[Result "1-0"]
[Round "04"]
[TimeControl "180+2"]
[Date "2023.01.17"]
[WhiteClock "0:02:13"]
[BlackClock "0:00:01"]

1. Nf3 Nf6 2. b3 b6 3. g3 Bb7 4. Bg2 e6 5. Bb2 Be7 6. O-O c5 7. e3 O-O 8. Qe2 d5 9. c4 Nc6 10. d3 Re8 11. Nc3 Qc7 12. Nh4 Rad8 13. f4 a6 14. g4 d4 15. Nd1 dxe3 16. Nxe3 Nd4 17. Bxd4 Rxd4 18. g5 Bxg2 19. Nhxg2 Nd7 20. Rae1 Bf8 21. Nf5 Rd6 22. Nxd6 Qxd6 23. f5 e5 24. Ne3 g6 25. Nd5 b5 26. Qg4 Nb6 27. Nf6+ 1-0


[Site "https://www.chess.com"]

[Event "Titled Tuesday Blitz January 17 Early 2023"]
[White "Ashraf, Artin"]
[Black "Kuznetsov, Mikhail"]
[WhiteFideId "22514805"]
[BlackFideId "4117190"]
[WhiteElo "2314"]
[BlackElo "2050"]
[Result "1-0"]
[Round "04"]
[TimeControl "180+2"]
[Date "2023.01.17"]
[WhiteClock "0:00:25"]
[BlackClock "0:00:25"]

1. e4 c6 2. Nc3 d5 3. Qe2 dxe4 4. Nxe4 Nf6 5. Nxf6+ gxf6 6. Nf3 Bf5 7. d4 e6 8. g3 Na6 9. c3 Nc7 10. Bg2 Be7 11. O-O Bg4 12. Rd1 f5 13. b3 Qd5 14. h3 Bxf3 15. Bxf3 Qd7 16. c4 O-O-O 17. Bf4 Bd6 18. Be5 Bxe5 19. dxe5 Qe7 20. Qe3 Kb8 21. a4 Na6 22. Kg2 Qc5 23. Qg5 Kc8 24. Qf6 Nb4 25. Qxf7 Rxd1 26. Rxd1 Qxe5 27. Rd7 Rd8 28. Rxd8+ Kxd8 29. Qf8+ 1-0


[Site "https://www.chess.com"]

[Event "Titled Tuesday Blitz January 17 Early 2023"]
[White "sabkeIXO"]
[Black "Dourerassou, Jonathan"]
[BlackFideId "628050"]
[WhiteElo "2481"]
[BlackElo "2414"]
[Result "1-0"]
[Round "04"]
[TimeControl "180+2"]
[Date "2023.01.17"]
[WhiteClock "0:00:29"]
[BlackClock "0:00:11"]

1. e4 d6 2. d4 g6 3. Nf3 Bg7 4. Bc4 c6 5. O-O Nf6 6. e5 dxe5 7. dxe5 Nd5 8. h3 O-O 9. Qe2 Be6 10. Rd1 h6 11. Bb3 Qc7 12. c4 Nb6 13. Nc3 N8d7 14. Bf4 Nc5 15. Qe3 Nxb3 16. axb3 g5 17. Bg3 Rfd8 18. h4 gxh4 19. Nxh4 Rxd1+ 20. Rxd1 Rd8 21. Rxd8+ Qxd8 22. f4 Bg4 23. Bf2 e6 24. Qd4 Qxd4 25. Bxd4 Nc8 26. Kf2 h5 27. Nf3 Bh6 28. Be3 Ne7 29. g3 b6 30. Ne4 Bg7 31. Nd6 Kf8 32. Ng5 c5 33. Ngxf7 Nc6 34. Ng5 Na5 35. b4 cxb4 36. c5 bxc5 37. Bxc5 Nc6 38. Nde4+ Ke8 39. Nf6+ Bxf6 40. exf6 Nd8 41. Bxb4 a6 42. Bc5 Nf7 43. Ke3 e5 44. Nxf7 Kxf7 45. fxe5 Ke6 46. Kf4 Be2 47. Bd4 Kf7 48. Bc3 Bd1 49. Kg5 Be2 50. Kf5 Bg4+ 51. Ke4 Bd1 52. Kd5 Bb3+ 53. Kd6 Bc4 54. Bd2 Bb3 55. Bf4 Ba2 56. Bg5 Bb3 57. Bh4 Ba2 58. Kc5 Bb3 59. Kb6 Bc4 60. b3 Bxb3 61. Kxa6 Be6 62. Kb6 Bg4 63. Kc5 Be6 64. Kd4 Bg4 65. Ke3 Be6 66. Kf4 Bg4 67. Kg5 Bf3 68. Kf5 Bg4+ 69. Kf4 Be6 70. Ke3 Bg4 71. Bg5 Be6 72. Bf4 Bg4 73. Ke4 Be6 74. Be3 Bg4 75. Bc1 Be6 76. Bb2 Bg4 77. Kf4 Be6 78. Kg5 Bg4 79. Bc3 Be2 80. Kf4 Bd1 81. Kf5 Bc2+ 82. Kg5 Bd1 83. e6+ Kxe6 84. Kg6 h4 85. gxh4 Be2 86. f7 Bh5+ 87. Kxh5 Kxf7 88. Kh6 Kg8 89. Kg6 Kf8 90. h5 Kg8 91. h6 Kf8 92. h7 1-0


[Site "https://www.chess.com"]

[Event "Titled Tuesday Blitz January 17 Early 2023"]
[White "Tan, Zhongyi"]
[Black "Tymrakiewicz, Rafal"]
[WhiteFideId "8603642"]
[BlackFideId "1108832"]
[WhiteElo "2517"]
[BlackElo "2144"]
[Result "1-0"]
[Round "04"]
[TimeControl "180+2"]
[Date "2023.01.17"]
[WhiteClock "0:00:50"]
[BlackClock "0:00:14"]

1. d4 Nf6 2. c4 d6 3. Nf3 Nc6 4. d5 Ne5 5. Nxe5 dxe5 6. Nc3 e6 7. e4 exd5 8. exd5 Bc5 9. Be2 O-O 10. Bg5 h6 11. Bh4 Bf5 12. Qd2 Bb4 13. a3 Bxc3 14. Qxc3 Re8 15. Qf3 Bg4 16. Qxg4 Nxg4 17. Bxd8 Nxf2 18. Kxf2 Raxd8 19. g4 g6 20. Rhg1 Rd6 21. Ke3 a5 22. Rad1 Rb6 23. b4 axb4 24. c5 Rf6 25. axb4 Rf4 26. b5 Kf8 27. d6 cxd6 28. Rxd6 Ra8 29. Rgd1 Ra3+ 30. R1d3 Rxd3+ 31. Bxd3 Ke7 32. Rb6 Rxg4 33. Rxb7+ Ke8 34. c6 Kd8 35. b6 Rb4 36. c7+ Kd7 37. Rb8 1-0


[Site "https://www.chess.com"]

[Event "Titled Tuesday Blitz January 17 Early 2023"]
[White "Begunov, Konstantin"]
[Black "Injac, Teodora"]
[WhiteFideId "4118510"]
[BlackFideId "932400"]
[WhiteElo "2325"]
[BlackElo "2391"]
[Result "0-1"]
[Round "04"]
[TimeControl "180+2"]
[Date "2023.01.17"]
[WhiteClock "0:00:08"]
[BlackClock "0:00:08"]

1. d4 Nf6 2. c4 g6 3. f3 Bg7 4. e4 d6 5. Nc3 O-O 6. Be3 a6 7. Qd2 c5 8. dxc5 dxc5 9. Qxd8 Rxd8 10. Bxc5 Nc6 11. Nd5 Be6 12. O-O-O Rac8 13. Nxe7+ Nxe7 14. Bxe7 Rxd1+ 15. Kxd1 Nd7 16. b3 f5 17. exf5 Bxf5 18. Ne2 b5 19. Ng3 Bb1 20. cxb5 axb5 21. Bxb5 Nb6 22. Bd7 Nxd7 23. Kd2 Bxa2 24. b4 Bb3 25. Rb1 Bc4 26. b5 Nb6 27. Ne4 Bd5 28. Nd6 Ra8 29. Kd3 Ra3+ 30. Kc2 Ra7 31. Bg5 Rd7 32. Ne4 Bxe4+ 33. fxe4 Be5 34. Be3 Nc4 35. Bc1 Bxh2 36. b6 Rb7 37. Rb4 Nxb6 38. Be3 Bc7 39. Kb3 Rb8 40. e5 Nd7 41. e6 Rxb4+ 42. Kxb4 Nf6 43. Kc5 Kf8 44. Kc6 Be5 45. Bc5+ Ke8 46. Be3 Ng8 47. Kd5 Bf6 48. Kd6 Be7+ 49. Ke5 h5 50. Bd2 Bf6+ 51. Kf4 Ke7 52. Bb4+ Kxe6 53. g4 g5+ 54. Kf3 h4 55. Bd2 Ne7 56. Kg2 Ng6 57. Kf3 Ne5+ 58. Ke4 Nxg4 59. Kf3 Nh6 60. Kg2 Kf5 61. Kh3 Nf7 62. Kg2 g4 63. Kh2 Bg5 64. Kg2 Bxd2 65. Kf2 g3+ 66. Ke2 g2 67. Kf2 h3 68. Kg1 Be3+ 69. Kh2 g1=Q+ 70. Kxh3 Qg4+ 71. Kh2 Bf4+ 72. Kh1 Qf3+ 0-1


[Site "https://www.chess.com"]

[Event "Titled Tuesday Blitz January 17 Early 2023"]
[White "Kukula, Pawel"]
[Black "Tristan, Leonardo"]
[WhiteFideId "1115081"]
[BlackFideId "113816"]
[WhiteElo "2135"]
[BlackElo "2545"]
[Result "0-1"]
[Round "04"]
[TimeControl "180+2"]
[Date "2023.01.17"]
[WhiteClock "0:00:01"]
[BlackClock "0:00:13"]

1. b3 d5 2. Bb2 Bf5 3. Nf3 e6 4. e3 Nf6 5. c4 c6 6. Nc3 Nbd7 7. Be2 h6 8. d4 Bd6 9. O-O O-O 10. Rc1 Qe7 11. h3 Rfe8 12. Re1 Rad8 13. Bd3 Bxd3 14. Qxd3 e5 15. dxe5 Nxe5 16. Nxe5 Bxe5 17. cxd5 Nxd5 18. Nxd5 Rxd5 19. Qc2 Bxb2 20. Qxb2 Red8 21. Rc2 Qb4 22. Ree2 Rd1+ 23. Kh2 Qd6+ 24. f4 h5 25. Rc1 Rd2 26. Rc2 Rd3 27. Rc3 Qg6 28. Rxd3 Rxd3 29. Qe5 h4 30. f5 Qg5 31. Kg1 Kh7 32. Qf4 Qh5 33. Qg4 Qxg4 34. hxg4 Kh6 35. Kf2 Kg5 36. Kf3 Rd1 37. Rf2 c5 38. Rc2 b6 39. Rf2 Rc1 40. Rd2 Rf1+ 41. Ke2 Rh1 42. Kf3 h3 43. gxh3 Rxh3+ 44. Ke4 Kxg4 45. Rg2+ Rg3 46. Rd2 Kg5 47. Rd7 Rg4+ 48. Ke5 f6+ 49. Kd5 Kxf5 50. Rxa7 g5 0-1


[Site "https://www.chess.com"]

[Event "Titled Tuesday Blitz January 17 Early 2023"]
[White "marik_spb"]
[Black "Agasarov, Benik"]
[BlackFideId "13314823"]
[WhiteElo "2466"]
[BlackElo "2235"]
[Result "1-0"]
[Round "04"]
[TimeControl "180+2"]
[Date "2023.01.17"]
[WhiteClock "0:00:11"]
[BlackClock "0:00:03"]

1. d4 Nf6 2. c4 e6 3. Nf3 d5 4. g3 Bb4+ 5. Bd2 Be7 6. Bg2 O-O 7. O-O c6 8. b3 b6 9. Qc2 a5 10. Bc3 Ba6 11. Nbd2 Nbd7 12. Rfd1 Rc8 13. e4 b5 14. e5 Ne8 15. c5 b4 16. Bb2 f5 17. a3 Bb5 18. Nf1 Nc7 19. Qd2 Rb8 20. axb4 axb4 21. Ne3 Kh8 22. Nc2 Na6 23. Nfe1 g5 24. Nd3 f4 25. Ndxb4 Nxb4 26. Nxb4 f3 27. Bh3 Qe8 28. Bg4 h5 29. Bxe6 Bxc5 30. dxc5 Qxe6 31. Qxg5 Rf5 32. Qh4 Rg8 33. Ra7 Rfg5 34. Rxd7 d4 35. Bxd4 Qxb3 36. e6+ R8g7 37. Bxg7+ Kg8 38. Rd8+ Kh7 39. Qxg5 Bd3 40. Qxh5+ Kxg7 41. Qg5+ Bg6 42. Qe7+ Kh6 43. Rh8+ Bh7 44. Rxh7+ Kg6 45. Qf7+ Kg5 46. Rh5+ Kg4 47. Qf5# 1-0


[Site "https://www.chess.com"]

[Event "Titled Tuesday Blitz January 17 Early 2023"]
[White "Golding, Alex"]
[Black "Koellner, Ruben Gideon"]
[WhiteFideId "427241"]
[BlackFideId "12993093"]
[WhiteElo "2318"]
[BlackElo "2426"]
[Result "0-1"]
[Round "04"]
[TimeControl "180+2"]
[Date "2023.01.17"]
[WhiteClock "0:00:04"]
[BlackClock "0:00:37"]

1. d4 d6 2. e4 Nf6 3. Nc3 e5 4. dxe5 dxe5 5. Qxd8+ Kxd8 6. Bg5 Be6 7. O-O-O+ Nd7 8. f3 Bd6 9. Nge2 h6 10. Be3 Ke7 11. a3 a6 12. g4 b5 13. Ng3 g6 14. h4 h5 15. g5 Nh7 16. Bh3 c6 17. Nge2 Rhd8 18. Bxe6 Kxe6 19. Rhf1 Bc5 20. Bd2 Ke7 21. Kb1 Nhf8 22. f4 exf4 23. Bxf4 Ne6 24. Bg3 Nb6 25. Rd3 Nc4 26. Ka2 Bd6 27. Rdf3 Rf8 28. b3 Bxg3 29. bxc4 Be5 30. cxb5 axb5 31. Nb1 Ra4 32. Nec3 Rc4 33. a4 bxa4 34. Ka3 Nd4 35. R3f2 Nb5+ 36. Nxb5 cxb5 37. c3 Bxc3 38. Nxc3 Rxc3+ 39. Kb4 Rb3+ 40. Kc5 a3 41. e5 Re3 42. Kxb5 Rxe5+ 43. Kb4 Re3 44. Rc1 Rb8+ 45. Ka4 Rb7 46. Rcc2 Re6 47. Ka5 Re4 48. Ka6 Rd7 49. Kb6 Rxh4 50. Kb5 Rg4 51. Rce2+ Kf8 52. Rc2 Rxg5+ 53. Kb4 0-1


[Site "https://www.chess.com"]

[Event "Titled Tuesday Blitz January 17 Early 2023"]
[White "Alex_Sahakyan2006"]
[Black "Manukian, Artak"]
[BlackFideId "13301373"]
[WhiteElo "2675"]
[BlackElo "2196"]
[Result "1-0"]
[Round "04"]
[TimeControl "180+2"]
[Date "2023.01.17"]
[WhiteClock "0:00:57"]
[BlackClock "0:00:07"]

1. g3 h5 2. Nf3 d6 3. c4 e5 4. Nc3 h4 5. Nxh4 Rxh4 6. gxh4 Qxh4 7. Bg2 Nf6 8. h3 Nc6 9. d3 Be6 10. Nd5 Bxd5 11. cxd5 Ne7 12. Qb3 O-O-O 13. Qc4 Qh5 14. Be3 Kb8 15. Rc1 Rc8 16. Bf3 Qg6 17. a4 Nf5 18. a5 Nxe3 19. fxe3 a6 20. Bg4 Nxg4 21. Qxg4 Qh6 22. Kd2 g6 23. Qd7 f5 24. Rc4 f4 25. Rhc1 fxe3+ 26. Kd1 Qg7 27. Qxg7 Bxg7 28. Rg4 Rh8 29. Rxg6 Bf8 30. Kc2 Be7 31. Rg3 Kc8 32. Rcg1 Kd7 33. Rxe3 Rh4 34. Rg4 Rh7 35. Rf3 c6 36. e4 cxd5 37. exd5 Bd8 38. b4 b6 39. Rfg3 bxa5 40. Rg7+ Rxg7 41. Rxg7+ Kc8 42. bxa5 Bxa5 43. h4 Bd8 44. h5 Bf6 45. h6 e4 46. dxe4 a5 47. Ra7 a4 48. Rxa4 Kd7 49. h7 Ke8 50. h8=Q+ 1-0


[Site "https://www.chess.com"]

[Event "Titled Tuesday Blitz January 17 Early 2023"]
[White "Mirzoev, Azer"]
[Black "Jimenez, Joaquin"]
[WhiteFideId "13400304"]
[BlackFideId "109860"]
[WhiteElo "2416"]
[BlackElo "2195"]
[Result "1/2-1/2"]
[Round "04"]
[TimeControl "180+2"]
[Date "2023.01.17"]
[WhiteClock "0:00:31"]
[BlackClock "0:00:19"]

1. c4 Nf6 2. Nc3 g6 3. g3 d6 4. Bg2 Bg7 5. d4 O-O 6. Nf3 Nbd7 7. O-O e5 8. Qc2 exd4 9. Nxd4 Re8 10. Rd1 Nc5 11. b3 a5 12. Ba3 Qe7 13. Rac1 Nce4 14. Nxe4 Nxe4 15. e3 h5 16. Re1 h4 17. Rcd1 hxg3 18. hxg3 Bd7 19. Bb2 a4 20. b4 a3 21. Ba1 Ba4 22. Nb3 Bxa1 23. Rxa1 Qe5 24. Rab1 f5 25. Rec1 Kg7 26. Qd3 Bxb3 27. Rxb3 Rh8 28. Qd4 Qxd4 29. exd4 Rhe8 30. b5 Nd2 31. Re3 Rxe3 32. fxe3 Ne4 33. g4 Kf6 34. gxf5 gxf5 35. Bxe4 fxe4 36. Rf1+ Ke7 37. Rf4 Ra4 38. Rxe4+ Kd7 39. d5 Rb4 40. Rf4 Rb1+ 41. Rf1 Rb2 42. Rf2 c6 43. bxc6+ bxc6 44. Kf1 cxd5 45. cxd5 Kc7 46. Ke1 Kb6 47. Rd2 Kc5 48. Ke2 Rxd2+ 49. Kxd2 Kxd5 50. Kd3 Ke5 51. e4 d5 52. exd5 Kxd5 53. Kc3 Kc5 54. Kb3 Kb5 55. Kxa3 Ka5 56. Kb3 Kb5 57. a4+ Ka5 58. Ka3 Kb6 59. Kb4 Ka6 60. a5 Ka7 61. Kc4 Ka6 62. Kb4 Ka7 63. Kb5 Kb7 64. Ka4 Ka6 65. Kb4 1/2-1/2


[Site "https://www.chess.com"]

[Event "Titled Tuesday Blitz January 17 Early 2023"]
[White "Estrada Nieto, Julian"]
[Black "Papasimakopoulos, Alexandros"]
[WhiteFideId "5101018"]
[BlackFideId "4244125"]
[WhiteElo "2215"]
[BlackElo "2401"]
[Result "1/2-1/2"]
[Round "04"]
[TimeControl "180+2"]
[Date "2023.01.17"]
[WhiteClock "0:01:30"]
[BlackClock "0:01:59"]

1. e4 e6 2. d4 d5 3. Nd2 Nf6 4. e5 Nfd7 5. Bd3 c5 6. c3 Nc6 7. Ne2 cxd4 8. cxd4 f6 9. exf6 Nxf6 10. Nf3 Bd6 11. O-O Qc7 12. Bg5 O-O 13. Bh4 Nh5 14. Qc2 h6 15. Bh7+ Kh8 16. Bg6 Rxf3 17. gxf3 Bxh2+ 18. Kg2 Nf4+ 19. Nxf4 Qxf4 20. Bg3 Bxg3 21. fxg3 Qf6 22. Be8 Nxd4 23. Qc7 b6 24. Bc6 Nxc6 25. Qxc6 Rb8 26. Qc7 Ra8 27. Qc6 Rb8 28. Qc7 Ra8 29. Qc6 1/2-1/2


[Site "https://www.chess.com"]

[Event "Titled Tuesday Blitz January 17 Early 2023"]
[White "Volkov, Maksim"]
[Black "Bruned, Yvain"]
[WhiteFideId "54123070"]
[BlackFideId "2250292"]
[WhiteElo "2258"]
[BlackElo "2286"]
[Result "1-0"]
[Round "04"]
[TimeControl "180+2"]
[Date "2023.01.17"]
[WhiteClock "0:01:01"]
[BlackClock "0:00:12"]

1. d4 b6 2. c4 Bb7 3. f3 e6 4. e4 Bb4+ 5. Bd2 Bxd2+ 6. Qxd2 f5 7. exf5 exf5 8. Nc3 Nf6 9. Bd3 Qe7+ 10. Nge2 g6 11. d5 O-O 12. h4 Na6 13. O-O-O Nc5 14. Bc2 a5 15. h5 Nxh5 16. g4 fxg4 17. fxg4 Nf6 18. Nf4 Nfe4 19. Nxe4 Nxe4 20. Qh2 Ng5 21. Nxg6 Qe3+ 22. Kb1 Rf2 23. Ne7+ Kf8 24. Qh6+ Kxe7 25. Rhe1 Re2 26. d6+ Kf7 27. Rxe2 Qxe2 28. Qxg5 Qf3 29. Qe7+ Kg8 30. Qxh7+ Kf8 31. dxc7 1-0


[Site "https://www.chess.com"]

[Event "Titled Tuesday Blitz January 17 Early 2023"]
[White "Weetik, Vjacheslav"]
[Black "Castellanos Gomez, Alejandro"]
[WhiteFideId "4153472"]
[BlackFideId "22284141"]
[WhiteElo "2423"]
[BlackElo "2253"]
[Result "1-0"]
[Round "04"]
[TimeControl "180+2"]
[Date "2023.01.17"]
[WhiteClock "0:00:05"]
[BlackClock "0:00:02"]

1. d4 Nf6 2. Nf3 e6 3. c4 d5 4. g3 Be7 5. Bg2 O-O 6. O-O c6 7. Nc3 dxc4 8. Ne5 c5 9. dxc5 Qc7 10. Nxc4 Qxc5 11. b3 Nc6 12. Ba3 Qh5 13. Bxc6 Bxa3 14. Bf3 Qc5 15. Qd3 Bb4 16. Rac1 Qe7 17. Nb5 Rd8 18. Qb1 Bd7 19. Nc3 Bc6 20. Bxc6 bxc6 21. Ne4 Rac8 22. Nxf6+ Qxf6 23. Qe4 Rd5 24. Kg2 c5 25. Rc2 Rcd8 26. Rfc1 Rd1 27. Rxd1 Rxd1 28. a3 Be1 29. Qf3 Qe7 30. Ne5 h6 31. Nc6 Qc7 32. Rxc5 Qb6 33. Rc4 Rd5 34. e3 Rf5 35. Ne7+ Kh7 36. Nxf5 exf5 37. Qxf5+ g6 38. Qxf7+ Kh8 39. Rc8+ 1-0


[Site "https://www.chess.com"]

[Event "Titled Tuesday Blitz January 17 Early 2023"]
[White "Aslanov, Umid"]
[Black "Lewtak, Damian"]
[WhiteFideId "13412620"]
[BlackFideId "1141724"]
[WhiteElo "2273"]
[BlackElo "2381"]
[Result "1-0"]
[Round "04"]
[TimeControl "180+2"]
[Date "2023.01.17"]
[WhiteClock "0:00:24"]
[BlackClock "0:00:01"]

1. e4 c5 2. Nf3 d6 3. d4 cxd4 4. Nxd4 Nf6 5. Nc3 Nc6 6. Bc4 Qb6 7. Nxc6 bxc6 8. O-O g6 9. Qe1 e5 10. Bb3 Bg7 11. Be3 Qc7 12. f3 O-O 13. Qd2 Bb7 14. Rad1 Rad8 15. Qf2 d5 16. Bxa7 d4 17. Na4 Ra8 18. Bc5 Rfe8 19. c3 Ba6 20. Rfe1 Bb5 21. Nb6 Rab8 22. cxd4 exd4 23. Bxd4 Nxe4 24. Rxe4 Rxe4 25. fxe4 Bxd4 26. Rxd4 Rxb6 27. Bxf7+ Qxf7 28. Rd8+ Kg7 29. Qd4+ Kh6 30. Qe3+ Kg7 31. Qc3+ Kh6 32. Qh3+ Kg5 33. Qg3+ Kh5 34. Qh3+ Kg5 35. Qe3+ Qf4 36. h4+ Kg4 37. Qxb6 Qc1+ 38. Kh2 Qf4+ 39. Kg1 Qc1+ 40. Kh2 Qf4+ 41. Kh1 Qc1+ 42. Qg1 Qf4 43. e5 Qg3 44. Rd4+ 1-0


[Site "https://www.chess.com"]

[Event "Titled Tuesday Blitz January 17 Early 2023"]
[White "Liyanage, Ranindu Dilshan"]
[Black "Horcajuelo Rocamora, Martin"]
[WhiteFideId "9915834"]
[BlackFideId "24573027"]
[WhiteElo "2342"]
[BlackElo "2107"]
[Result "0-1"]
[Round "04"]
[TimeControl "180+2"]
[Date "2023.01.17"]
[WhiteClock "0:00:18"]
[BlackClock "0:00:43"]

1. e4 c5 2. Nc3 e6 3. g3 Nc6 4. Bg2 g6 5. d3 Bg7 6. Be3 b6 7. Nge2 Nge7 8. d4 cxd4 9. Nxd4 O-O 10. O-O a6 11. a4 Bb7 12. Qd2 Rc8 13. Rfd1 Qc7 14. Nxc6 Bxc6 15. Bf4 Qb7 16. Re1 d5 17. e5 Rfd8 18. Bg5 d4 19. Bxc6 Nxc6 20. Ne4 Nxe5 21. Qe2 d3 22. cxd3 Rxd3 23. Rac1 Nf3+ 24. Qxf3 Rxf3 25. Nd6 Rxc1 26. Rxc1 Qd7 27. Rc8+ Bf8 28. Rd8 Qxd8 0-1


[Site "https://www.chess.com"]

[Event "Titled Tuesday Blitz January 17 Early 2023"]
[White "Belozerov, Andrei"]
[Black "Batsiashvili, Nino"]
[WhiteFideId "4120213"]
[BlackFideId "13602993"]
[WhiteElo "2461"]
[BlackElo "2467"]
[Result "1/2-1/2"]
[Round "04"]
[TimeControl "180+2"]
[Date "2023.01.17"]
[WhiteClock "0:00:10"]
[BlackClock "0:00:04"]

1. d4 Nf6 2. c4 c5 3. d5 b5 4. cxb5 a6 5. Nc3 e6 6. e4 axb5 7. Bxb5 Ba6 8. Bxa6 Rxa6 9. Nf3 Be7 10. e5 Nxd5 11. Nxd5 exd5 12. Qxd5 Rg6 13. O-O Nc6 14. Bf4 Qb6 15. b3 O-O 16. Rfd1 Rd8 17. Rd2 h5 18. h3 Nb4 19. Qe4 Qe6 20. Re1 Rc8 21. Kh2 Rc6 22. a3 Na6 23. Qd5 Qf5 24. Be3 Nb8 25. Qd3 Qe6 26. Bf4 Rb6 27. Re3 h4 28. a4 Rb7 29. Qc4 Qxc4 30. bxc4 Ra6 31. Ra2 Rb4 32. Nd2 Nc6 33. Rd3 Nd4 34. a5 Bd8 35. Be3 Rxa5 36. Rxa5 Bxa5 37. Bxd4 cxd4 38. Rxd4 Rb2 39. Ne4 Bc7 40. Rd5 f6 41. f4 fxe5 42. fxe5 Re2 43. Nc5 Bxe5+ 44. Kg1 Bg3 45. Nd3 Rd2 46. Kf1 Rc2 47. c5 Kf8 48. Rxd7 Ke8 49. Rd5 Ke7 50. Rd4 Ke6 51. Rd8 Kf5 52. Rd4 Ke6 53. Rd8 Kf5 54. Rd4 Ke6 1/2-1/2


[Site "https://www.chess.com"]

[Event "Titled Tuesday Blitz January 17 Early 2023"]
[White "Degenbaev, Aziz"]
[Black "Shuvalova, Polina"]
[WhiteFideId "13802640"]
[BlackFideId "24171760"]
[WhiteElo "2203"]
[BlackElo "2484"]
[Result "0-1"]
[Round "04"]
[TimeControl "180+2"]
[Date "2023.01.17"]
[WhiteClock "0:00:03"]
[BlackClock "0:00:53"]

1. e4 c6 2. d4 d5 3. e5 Bf5 4. Nd2 e6 5. Nb3 Ne7 6. Nf3 Nd7 7. Be2 Ng6 8. O-O f6 9. exf6 Qxf6 10. Be3 Bd6 11. Rc1 O-O 12. c4 Nf4 13. c5 Nxe2+ 14. Qxe2 Bc7 15. Ne1 e5 16. g3 e4 17. f3 Bh3 18. Rf2 Qg6 19. fxe4 dxe4 20. Nd2 Rxf2 21. Bxf2 Nf6 22. Nc4 Re8 23. Ne3 h6 24. b4 Kh8 25. b5 Rd8 26. bxc6 bxc6 27. Nc4 Qf5 28. Rb1 Bg4 29. Qb2 Nd5 30. Ne3 Nxe3 31. Bxe3 Rf8 32. Ng2 Bf3 33. Re1 Qh3 34. Nf4 Qg4 35. Ng2 Kh7 36. Qd2 Rb8 37. d5 cxd5 38. Qxd5 Rb2 39. Nf4 Bxf4 40. Bxf4 Qh3 0-1


[Site "https://www.chess.com"]

[Event "Titled Tuesday Blitz January 17 Early 2023"]
[White "Klose, Eli"]
[Black "Gurevich, Dmitry"]
[WhiteFideId "16242955"]
[BlackFideId "2000407"]
[WhiteElo "1519"]
[BlackElo "2393"]
[Result "0-1"]
[Round "04"]
[TimeControl "180+2"]
[Date "2023.01.17"]
[WhiteClock "0:00:31"]
[BlackClock "0:01:53"]

1. e4 c5 2. Nc3 g6 3. d3 Bg7 4. g3 Nc6 5. Be3 d6 6. Qd2 b5 7. Bg2 b4 8. Nd1 Rb8 9. Ne2 h5 10. h3 a5 11. O-O Ba6 12. f4 e6 13. f5 Ne5 14. fxe6 fxe6 15. Bg5 Qd7 16. Ne3 c4 17. d4 c3 18. bxc3 bxc3 19. Nxc3 Bxf1 20. Bxf1 Nf3+ 0-1


[Site "https://www.chess.com"]

[Event "Titled Tuesday Blitz January 17 Early 2023"]
[White "Dwilewicz, Katarzyna"]
[Black "Han, Yichen"]
[WhiteFideId "1148486"]
[BlackFideId "1054430"]
[WhiteElo "2115"]
[BlackElo "2413"]
[Result "0-1"]
[Round "04"]
[TimeControl "180+2"]
[Date "2023.01.17"]
[WhiteClock "0:00:05"]
[BlackClock "0:01:00"]

1. e4 e5 2. Nf3 Nc6 3. Bc4 Nf6 4. d3 h6 5. c3 d6 6. O-O g5 7. Nbd2 Bg7 8. Re1 O-O 9. Nf1 d5 10. exd5 Nxd5 11. Ng3 Nf4 12. Ne4 Be6 13. Bxe6 Nxe6 14. Ng3 f5 15. d4 e4 16. d5 exf3 17. dxe6 Qxd1 18. Rxd1 fxg2 19. Kxg2 Rae8 20. Re1 Rf6 21. Nh5 Rfxe6 22. Rxe6 Rxe6 23. Nxg7 Kxg7 24. Be3 f4 25. Bc5 Re2 26. Rd1 Rxb2 27. Rd7+ Kg6 28. Rxc7 Kf5 29. a3 Ne5 30. Bd4 Nd3 31. Rf7+ Ke4 32. Re7+ Kd5 33. Rd7+ Kc4 34. Rc7+ Kd5 35. Rd7+ Kc6 36. Rh7 Ne1+ 37. Kh3 Nf3 38. Rxh6+ Kd5 39. Kg4 Nxd4 40. cxd4 Rxf2 0-1


[Site "https://www.chess.com"]

[Event "Titled Tuesday Blitz January 17 Early 2023"]
[White "Benmesbah, Natacha"]
[Black "Aloma Vidal, Robert"]
[WhiteFideId "642002"]
[BlackFideId "2260409"]
[WhiteElo "2261"]
[BlackElo "2442"]
[Result "0-1"]
[Round "04"]
[TimeControl "180+2"]
[Date "2023.01.17"]
[WhiteClock "0:01:04"]
[BlackClock "0:00:20"]

1. e4 e5 2. Nf3 Nf6 3. Nxe5 d6 4. Nf3 Nxe4 5. d3 Nf6 6. d4 g6 7. Bd3 Bg7 8. Bg5 O-O 9. O-O h6 10. Bh4 c5 11. dxc5 dxc5 12. Nc3 Be6 13. h3 g5 14. Bg3 Nc6 15. Re1 Nb4 16. Ne5 Nxd3 17. Nxd3 b6 18. Be5 Bf5 19. Qf3 Bxd3 20. Rad1 Nd7 21. Bxg7 Kxg7 22. Rxd3 Re8 23. Red1 Ne5 24. Qb7 Nxd3 25. Rxd3 Re1+ 26. Kh2 Qb8+ 27. Qxb8 Rxb8 28. Kg3 b5 29. Nd5 c4 30. Rf3 Rd8 31. Nf6 Rd6 32. Nh5+ Kg6 33. Kh2 Kxh5 34. Rxf7 Kg6 35. Rxa7 Re2 0-1


[Site "https://www.chess.com"]

[Event "Titled Tuesday Blitz January 17 Early 2023"]
[White "Petrova, Irina"]
[Black "Piesik, Piotr"]
[WhiteFideId "14124122"]
[BlackFideId "1136194"]
[WhiteElo "2108"]
[BlackElo "2426"]
[Result "0-1"]
[Round "04"]
[TimeControl "180+2"]
[Date "2023.01.17"]
[WhiteClock "0:00:01"]
[BlackClock "0:01:03"]

1. e4 g6 2. d4 Bg7 3. Nc3 c6 4. f4 d5 5. e5 Nh6 6. Nf3 Bg4 7. Bd3 Nf5 8. Bxf5 gxf5 9. O-O e6 10. Be3 h5 11. h3 Bxf3 12. Qxf3 h4 13. Ne2 Nd7 14. Kh1 Qe7 15. b3 b5 16. c4 bxc4 17. bxc4 Nb6 18. cxd5 cxd5 19. Bf2 Bf8 20. Qb3 Qd7 21. Ng1 Be7 22. Nf3 Rc8 23. Rac1 Rc4 24. Nd2 Rb4 25. Qc2 O-O 26. Nf3 Rc8 27. Qe2 Rxc1 28. Rxc1 Qd8 29. Qa6 Ra4 30. Qb7 Rc4 31. Rb1 Rc7 32. Qa6 Kf8 33. Qe2 Qc8 34. Bxh4 Bxh4 35. Nxh4 Rc1+ 36. Rxc1 Qxc1+ 37. Kh2 Qxf4+ 38. g3 Qxd4 39. Nf3 Qe4 40. Qf2 f4 41. g4 Nc4 42. Qc5+ Kg8 43. Qc8+ Kg7 44. Ng5 Qe2+ 45. Kg1 Qxe5 0-1


[Site "https://www.chess.com"]

[Event "Titled Tuesday Blitz January 17 Early 2023"]
[White "Gabdrakhmanov, Azat"]
[Black "Sailer, Mike"]
[WhiteFideId "34189197"]
[BlackFideId "2012901"]
[WhiteElo "2316"]
[BlackElo "2109"]
[Result "1/2-1/2"]
[Round "04"]
[TimeControl "180+2"]
[Date "2023.01.17"]
[WhiteClock "0:00:20"]
[BlackClock "0:00:24"]

1. e4 d5 2. exd5 Qxd5 3. Nc3 Qd6 4. d4 Nf6 5. Nf3 c6 6. Be2 Bg4 7. h3 Bh5 8. O-O e6 9. Be3 Be7 10. Ne5 Bxe2 11. Qxe2 O-O 12. a3 a5 13. Nc4 Qc7 14. Rad1 Nbd7 15. Qf3 Nd5 16. Bd2 Nxc3 17. Bxc3 Nb6 18. Ne3 Nd5 19. Bd2 Nxe3 20. Bxe3 Rad8 21. c4 Bf6 22. Rd2 Rd7 23. Rfd1 Rfd8 24. d5 cxd5 25. cxd5 Rxd5 26. Rxd5 Rxd5 27. Rxd5 exd5 28. Qxd5 Bxb2 29. Bf4 Qe7 30. Qxa5 Bxa3 31. Qa8+ Qf8 32. Qxb7 h6 33. Be5 Bd6 34. Bb2 Qb8 35. Qxb8+ Bxb8 36. f3 Ba7+ 37. Kf1 f5 38. Ke2 Kf7 39. Kd3 g6 40. Bc1 h5 41. Bg5 Ke6 42. Bd8 Bf2 43. Bg5 Bb6 44. Bh6 Bc5 45. Bg7 Bb6 46. Bd4 Bc7 47. Bc5 Bf4 48. Kc4 Bc7 49. Kd3 Bf4 50. Be3 Bc7 51. Bd2 Bb8 52. Ke3 Ba7+ 53. Kf4 Bd4 54. Kg5 Kf7 55. Ba5 Be3+ 56. Kh4 Bd4 57. Kg5 Be3+ 58. Kh4 Bf2+ 59. Kg5 Be3+ 1/2-1/2


[Site "https://www.chess.com"]